 Dungeon Crawl Stone Soup version 0.17-a0-1635-gd4e48f1 (webtiles) character file.

11041 urechis the Grappler (level 11, 0/113 HPs)
             Began as a Troll Monk on Aug 4, 2015.
             Was an Elder of Jiyva.
             Slain by a cyclops (28 damage)
             ... on level 11 of the Dungeon.
             The game lasted 00:24:34 (11179 turns).

urechis the Grappler (Troll Monk)                  Turns: 11179, Time: 00:24:35

Health: 0/113      AC:  8    Str: 20    XL:     11   Next: 44%
Magic:  14/14      EV: 10    Int:  7    God:    Jiyva [****..]
Gold:   637        SH:  0    Dex: 15    Spells: 0 memorised, 10 levels left

rFire  + . .     SeeInvis .       - Unarmed
rCold  . . .     Clarity  .     N - +2 robe {rF+}
rNeg   . . .     SustAt   +     (no shield)
rPois  .         Gourm    +     (helmet restricted)
rElec  .         Spirit   .     E - +0 cloak {+Inv}
rCorr  +         Warding  .     (gloves unavailable)
rMut   .         Stasis   .     (boots unavailable)
MR     .....                    (no amulet)
Stlth  +++.......               y - ring of stealth
                                r - ring of sustain attributes

@: not resistant to hostile enchantments, fairly stealthy
A: unfitting armour, claws 3, talons 1, fast metabolism 3, gourmand,
regeneration 2, shaggy fur 1, tough skin 2, eyeballs 1, jelly absorbing missiles
a: Request Jelly, Jelly Paralyse, Slimify, Renounce Religion, Evoke Invisibility


You were on level 11 of the Dungeon.
You worshipped Jiyva.
Jiyva was greatly pleased with you.
You were very full.

You visited 2 branches of the dungeon, and saw 17 of its levels.
You also visited: Sewer.

You collected 637 gold pieces.

Inventory:

Missiles
 b - 5 large rocks
 F - 4 throwing nets (quivered)
Armour
 E - a +0 cloak of invisibility (worn)
 N - a +2 robe of fire resistance (worn)
Jewellery
 r - a ring of sustain attributes (left claw)
 y - a ring of stealth (right claw)
 R - an uncursed ring of protection from magic {unknown}
Magical devices
 D - a wand of flame (19)
 I - a wand of fire (2)
 K - a wand of cold (2)
 M - a wand of disintegration (4)
 O - a wand of paralysis (18)
 U - a wand of slowing (17)
 W - a wand of fire (6)
 X - a wand of paralysis (6)
Scrolls
 e - 7 scrolls of remove curse
 f - 2 scrolls of teleportation
 k - 2 scrolls of magic mapping
 m - a scroll of amnesia {unknown}
 q - a scroll of random uselessness {unknown}
 s - 4 scrolls of fog
 t - 3 scrolls of recharging {unknown}
 v - a scroll of immolation {unknown}
 B - a scroll of blinking
 G - a scroll of fear {unknown}
 H - 3 scrolls of enchant armour {unknown}
 Q - a scroll of brand weapon {unknown}
Potions
 a - a potion of berserk rage {unknown}
 c - a potion of cure mutation {unknown}
 g - a potion of lignification {unknown}
 h - 7 potions of brilliance
 j - 6 potions of agility
 n - 6 potions of curing
 o - a potion of degeneration {unknown}
 p - a potion of cancellation {unknown}
 u - 4 potions of flight
 x - 2 potions of heal wounds
 z - 2 potions of magic
 C - a potion of might {unknown}
 J - a potion of beneficial mutation {unknown}
 L - 3 potions of mutation {unknown}
 P - a potion of resistance {unknown}
 T - a potion of poison {unknown}
 V - a potion of haste {unknown}
Miscellaneous
 i - a legendary deck of wonders
Comestibles
 d - 8 beef jerkies
 l - 3 slices of pizza
 w - 10 bread rations
 A - 5 meat rations
 S - a royal jelly
 Y - 2 chunks of flesh
 Z - 4 fruits


   Skills:
 + Level 8.5 Fighting
 - Level 2.4 Dodging
 - Level 1.1 Stealth
 * Level 13.5 Unarmed Combat
 - Level 6.0 Evocations


You had 10 spell levels left.
You didn't know any spells.

Dungeon Overview and Level Annotations

Branches:
Dungeon (11/15)            Temple (0/1) D:5            Lair (6/8) D:8
  Slime (0/6) Lair:6
  Swamp: Lair:3-6    Shoals: Lair:3-6     Snake: Lair:3-6    Spider: Lair:3-6
    Orc: D:9-12

Altars:
Ashenzari
Cheibriados
Dithmenos
Kikubaaqudgha
Makhleb
Okawaru
Ru
Sif Muna
Vehumet
Xom
Zin
Jiyva

Shops:
D:10 %   D:11 *

Annotations:
D:10 1 runed door
Lair:2 Nergalle; emiel's ghost, powerful CeWz


Innate Abilities, Weirdness & Mutations

You are too large for most types of armour.
You have claws for hands.
Your metabolism is lightning-fast.
You like to eat raw meat.
You heal very quickly.
You are covered in fur (AC +1).
You have very tough skin (AC +2).
You have sharp toenails.
Your body is partially covered in golden eyeballs (Acc +3).
You have a small jelly attached to you that may absorb incoming projectiles.


Message History

* * * LOW HITPOINT WARNING * * *
You mangle the centaur!!
You kill the centaur!
An orc comes into view. It is wielding a hand axe.
You swing at nothing.
The orc warrior barely misses you.
The cyclops throws a large rock.
The large rock hits you!!
* * * LOW HITPOINT WARNING * * *
Drink which item? (? for menu, Esc to quit)
You feel much better.
You feel sick.
The orc warrior hits you from afar with a trident!
* * * LOW HITPOINT WARNING * * *
An orc comes into view.
You mangle the cyclops!! You claw the cyclops, but do no damage.
The cyclops is heavily wounded.
Drink which item? (? for menu, Esc to quit)
You feel better.
The orc warrior hits you from afar with a trident!
* * * LOW HITPOINT WARNING * * *
The cyclops hits you!!
You die...

######### #.......#
#.......# #.......#
#.......#
#############o......#
######....(....†@Co......#
.......###########o.†.$..#
######## #..)/...# .....
#...)....# #####
#.P.P....# #..P∩...###
.....PP..# .<.......##
.......###


You could see a cyclops, an orc warrior and 2 orcs.

Vanquished Creatures
  An unseen horror (D:10)
  Pikel (D:7)
  A cyclops (D:10)
  An ugly thing (D:11)
  A spiny frog (Lair:3)
  2 black mambas
  A komodo dragon (Lair:3)
  A fire drake (Lair:5)
  A troll (D:9)
  Prince Ribbit (D:6)
  A boulder beetle (D:7)
  A wraith (D:11)
  A hippogriff (Lair:5)
  Eustachio (D:4)
  Menkaure (D:6)
  Edmund (D:4)
  A soldier ant (D:11)
  2 porcupines
  Duvessa (D:6)
  A water moccasin (D:8)
  5 black bears
  9 ogres
  A necrophage (D:7)
  4 slaves (D:7)
  2 phantoms
  2 wasps
  2 sky beasts
  2 orc warriors (D:11)
  3 crocodiles
  6 centaurs
  A big kobold (D:8)
  9 giant frogs
  2 wyvern zombies (D:11)
  A scorpion (D:6)
  Dowan (D:6)
  5 wights
  4 killer bees (D:11)
  5 crimson imps
  5 orc priests
  A centaur zombie (D:8)
  2 giant frog zombies
  A quasit (D:9)
  4 iguanas
  5 hounds
  3 centaur skeletons
  A giant frog skeleton (D:8)
  Crazy Yiuf (D:5)
  3 orc wizards
  2 jellies (Lair:6)
  6 worker ants
  2 killer bee zombies (D:7)
  4 sheep (D:10)
  2 hound zombies (D:8)
  9 river rats
  A worker ant zombie (D:11)
  3 gnolls (D:6)
  22 adders
  A shadow imp (D:4)
  An ooze (Lair:6)
  An adder zombie (D:3)
  3 worms
  3 giant geckos
  26 orcs
  10 ball pythons
  14 giant cockroaches
  12 goblins
  9 hobgoblins
  18 jackals
  3 quokkas
  13 bats
  A giant cockroach zombie (D:5)
  7 giant newts
  2 jackal skeletons (D:4)
  23 kobolds
  29 rats
339 creatures vanquished.

Vanquished Creatures (others)
  A water moccasin (D:10)
  A centaur (D:9)
  15 jellies
  A giant frog zombie (D:10)
  A hound (D:10)
  A giant frog skeleton (D:11)
  A quokka (D:10)
  A quokka skeleton (D:9)
22 creatures vanquished.

Grand Total: 361 creatures vanquished

Notes
Turn   | Place    | Note
--------------------------------------------------------------
     0 | D:1      | urechis the Troll Monk began the quest for the Orb.
     0 | D:1      | Reached XP level 1. HP: 22/22 MP: 0/0
   153 | D:1      | Reached XP level 2. HP: 26/29 MP: 1/1
   701 | D:2      | Reached XP level 3. HP: 36/36 MP: 2/2
   772 | D:2      | Found a snail-covered altar of Cheibriados.
   913 | D:3      | Reached skill level 5 in Unarmed Combat
   913 | D:3      | Reached XP level 4. HP: 37/45 MP: 3/3
  1342 | D:3      | Found a faded altar to an unknown god.
  1723 | D:4      | Reached XP level 5. HP: 44/53 MP: 4/4
  1749 | D:4      | Found a glowing drain.
  1782 | Sewer    | Entered a sewer
  1930 | Sewer    | Reached skill level 6 in Unarmed Combat
  2332 | D:4      | Noticed Eustachio
  2362 | D:4      | Killed Eustachio
  2362 | D:4      | Reached XP level 6. HP: 27/62 MP: 5/5
  2455 | D:4      | Reached skill level 7 in Unarmed Combat
  2512 | D:4      | Noticed an ogre
  2521 | D:4      | Killed an ogre
  2521 | D:4      | Reached XP level 7. HP: 36/70 MP: 6/6
  2734 | D:4      | Found a shadowy altar of Dithmenos.
  2755 | D:4      | Noticed Edmund
  2770 | D:4      | Killed Edmund
  3170 | D:5      | Entered Level 5 of the Dungeon
  3179 | D:5      | Reached skill level 8 in Unarmed Combat
  3222 | D:5      | Found a staircase to the Ecumenical Temple.
  3437 | D:5      | Noticed Crazy Yiuf
  3442 | D:5      | Killed Crazy Yiuf
  3756 | D:5      | Found a burning altar of Makhleb.
  3765 | D:5      | Found a shattered altar of Ashenzari.
  3770 | D:5      | Found a glowing silver altar of Zin.
  3781 | D:5      | Found a radiant altar of Vehumet.
  3788 | D:5      | Found a shimmering altar of Xom.
  3793 | D:5      | Found a sacrificial altar of Ru.
  3800 | D:5      | Found an ancient bone altar of Kikubaaqudgha.
  4227 | D:6      | Noticed Dowan
  4230 | D:6      | Noticed Duvessa
  4231 | D:6      | Killed Dowan
  4238 | D:6      | Killed Duvessa
  4238 | D:6      | Reached skill level 5 in Fighting
  4238 | D:6      | Reached XP level 8. HP: 25/80 MP: 7/7
  4378 | D:6      | Reached skill level 9 in Unarmed Combat
  4403 | D:6      | Noticed Prince Ribbit
  4605 | D:6      | Killed Prince Ribbit
  4666 | D:6      | Found a radiant altar of Vehumet.
  4693 | D:6      | Reached skill level 10 in Unarmed Combat
  4845 | D:6      | Found an iron altar of Okawaru.
  4850 | D:6      | Noticed Menkaure
  4859 | D:6      | Killed Menkaure
  4925 | D:6      | Reached skill level 1 in Evocations
  4999 | D:6      | Reached XP level 9. HP: 89/89 MP: 7/9
  5430 | D:7      | Noticed Pikel
  5447 | D:7      | Killed Pikel
  5678 | D:7      | Found a deep blue altar of Sif Muna.
  6664 | D:8      | Reached skill level 5 in Evocations
  6716 | D:8      | Reached XP level 10. HP: 90/98 MP: 12/12
  6888 | D:8      | Found a staircase to the Lair.
  7076 | Lair:1   | Entered Level 1 of the Lair of Beasts
  7213 | Lair:2   | Noticed a black mamba
  7220 | Lair:2   | Killed a black mamba
  7269 | Lair:2   | Noticed Nergalle
  7527 | Lair:3   | Reached skill level 11 in Unarmed Combat
  7861 | Lair:4   | Noticed a black mamba
  7873 | Lair:4   | Killed a black mamba
  8320 | Lair:6   | Found a runed door.
  8320 | Lair:6   | Found a viscous altar of Jiyva.
  8322 | Lair:6   | Found a staircase to the Slime Pits.
  8369 | Lair:6   | Became a worshipper of Jiyva Jitre the Shapeless
  8369 | Lair:6   | Acquired Jiyva's first power
  8369 | Lair:6   | Acquired Jiyva's second power
  8482 | Lair:2   | Noticed emiel's ghost (powerful CeWz)
  8501 | Lair:2   | HP: 2/100 [emiel's ghost/magic dart (4)]
  8695 | D:8      | Reached skill level 12 in Unarmed Combat
  9273 | D:9      | Gained mutation: Your body is partially covered in golden eyeballs (Acc +3). [Jiyva's grace]
  9757 | D:9      | Acquired Jiyva's third power
 10009 | D:9      | Gained mutation: You have a small jelly attached to you that may absorb incoming projectiles. [Jiyva's grace]
 10023 | D:10     | Entered Level 10 of the Dungeon
 10089 | D:10     | Killed an unseen horror
 10089 | D:10     | Reached XP level 11. HP: 55/111 MP: 14/14
 10201 | D:10     | Noticed a cyclops
 10210 | D:10     | Killed a cyclops
 10222 | D:10     | Noticed a hill giant
 10242 | D:10     | Slimified a hill giant
 10242 | D:10     | Noticed an azure jelly
 10242 | D:10     | a hill giant changed into an azure jelly
 10422 | D:10     | Found a runed door.
 10448 | D:10     | Found a runed door.
 10680 | D:10     | Found Ahiss's Food Shoppe.
 10932 | D:11     | Reached skill level 13 in Unarmed Combat
 11074 | D:11     | Gained mutation: You have sharp toenails. [Jiyva's grace]
 11118 | D:11     | Found Jypp's Assorted Antiques.
 11179 | D:11     | Slain by a cyclops

Vault maps used:
D:1:      minmay_arrival_split_and_join
D:2:      lemuel_crystal_altar
D:3:      forest_paths, ecumenical_altar_2
D:4:      grunt_dithmenos_shadows, first_bread, gup_sewer_entry_glass,
          kennysheep_minor_cross, corexii_shack, uniq_eustachio, uniq_edmund
D:5:      grunt_temple_overflow_octagram, temple_fountains,
          roderic_filled_cross, uniq_crazy_yiuf_cottage
D:6:      okawaru_gym_becter, basic_altar, uniq_menkaure, uniq_duvessa,
          uniq_prince_ribbit1
D:7:      boulder_indie, led_sif_book, uniq_pikel
D:8:      lair_0_dummy
D:9:      grunt_ogre_cave
D:10:     lemuel_insect_pit, serial_shops, kennysheep_little_box
D:11:     serial_shops, nicolae_shop_overgrown_old_shop,
          kennysheep_generic_room_2
Lair:1:   st_stairs_6, beast_lair_carwin_9, uniq_sonja
Lair:2:   wad_woods_road_02, uniq_nergalle
Lair:4:   grunt_forest_small_clearings
Lair:6:   elwin_shoals_entry_stream, minmay_snake_entry_guardpost_small,
          slime_altar_2, serial_bayou_shore_b, grunt_megastairs_4
Sewer:    sewer_minmay_treatment

Action                   |  1- 3 |  4- 6 |  7- 9 | 10-12 || total
-------------------------+-------+-------+-------+-------++-------
Melee: Unarmed           |    72 |   233 |   315 |   359 ||   979
Invok: Request Jelly     |       |       |       |     1 ||     1
       Slimify           |       |       |       |     1 ||     1
 Abil: Evoke Invisibilit |       |       |       |     1 ||     1
Evoke: Wand              |       |       |     3 |     2 ||     5
  Use: Scroll            |       |       |       |    22 ||    22
       Potion            |       |       |       |     4 ||     4
 Stab: Distracted        |     1 |       |       |       ||     1
       Sleeping          |       |     3 |     6 |     7 ||    16
       Confused          |       |       |       |     4 ||     4
  Eat: Chunk             |     7 |    22 |    33 |    37 ||    99
